 Dungeon Crawl Stone Soup version 0.28.0 (webtiles) character file.

Game seed: 13270458475922976708

30 oldriver the Skirmisher (level 3, -2/30 HPs)
             Began as a Formicid Abyssal Knight on Feb 11, 2022.
             Was a Follower of Lugonu.
             Slain by Robin (10 damage)
             ... on level 1 of the Dungeon.
             The game lasted 00:02:21 (973 turns).

oldriver the Skirmisher (Formicid Abyssal Knight)    Turns: 973, Time: 00:02:21

Health: -2/30      AC:  3    Str: 19    XL:     3   Next: 37%
Magic:  5/5        EV: 11    Int:  9    God:    Lugonu [*.....]
Gold:   66         SH:  0    Dex: 11    Spells: 2/2 levels left

rFire   . . .      SeeInvis +   a - +1 hand axe
rCold   . . .      Faith    .   (no shield)
rNeg    . . .      Spirit   .   b - +0 leather armour
rPois   .          Reflect  .   (helmet unavailable)
rElec   .          Harm     .   (no cloak)
rCorr   .          Rampage  .   (no gloves)
Will    .....                   (no boots)
Stlth   +.........              (no amulet)
HPRegen 0.10/turn               (no ring)
MPRegen 0.09/turn               (no ring)

@: flying
A: permanent stasis, dig shafts and tunnels, antennae 3, four strong arms
a: Dig, Shaft Self, Renounce Religion, Depart the Abyss


You were on level 1 of the Dungeon.
You worshipped Lugonu.
Lugonu was aware of your devotion.
You visited 1 branch of the dungeon, and saw 2 of its levels.
You visited the Abyss 1 time.

You collected 66 gold pieces.

Inventory:

Hand Weapons
 a - a +1 hand axe (weapon)
Missiles
 c - 2 atropa-tipped darts
 l - 4 poisoned darts
Armour
 b - a +0 leather armour (worn)
Scrolls
 d - a scroll of identify {unknown}
 g - a scroll of immolation {unknown}
 h - a scroll of amnesia {unknown}
 i - a scroll of fog {unknown}
 j - 2 scrolls of teleportation {unknown}
Potions
 e - a potion of flight
 k - a potion of heal wounds {unknown}


   Skills:
 + Level 3.7 Fighting
 + Level 2.5 Axes
 - Level 2.4 Armour
 - Level 1.0 Dodging
 + Level 2.9 Invocations


You had 2 spell levels left.
You didn't know any spells.
Your spell library was empty.

Dungeon Overview and Level Annotations

Branches:
Dungeon (2/15)

Altars:

Shops:
D:1 *

Annotations:
D:1 Robin


Innate Abilities, Weirdness & Mutations

You cannot be hasted, slowed, berserked, paralysed or teleported.
You can dig through walls and to a lower floor.
You have a pair of large antennae on your head. (SInv)
Your four strong arms can wield two-handed weapons with a shield.


Message History

The goblin moves out of view.
The hobgoblin moves out of view.
Robin roars a battlecry!
The goblins go into a battle-frenzy!
The goblin shouts!
You hear a shout! x2
There is a stone staircase leading up here.
The goblin hits you with a +0 dagger.
You hit the goblin.
The goblin is severely wounded.
The goblin hits you with a +0 dagger.
A hobgoblin comes into view.
A goblin comes into view. It is wielding a +0 club.
You hit the goblin.
You kill the goblin!
Lugonu accepts your kill.
A goblin comes into view. It is wielding a +0 dagger.
Robin hits you with a +0 mace.
You climb upwards.
There is a stone staircase leading down here.
You hit Robin.
Robin is moderately wounded.
Robin hits you but does no damage.
You hit Robin.
Robin is heavily wounded.
Robin drinks a potion.
Robin seems to grow stronger.
Robin closely misses you.
You closely miss Robin.
Robin is heavily wounded.
Robin hits you but does no damage.
You barely miss Robin.
Robin is heavily wounded.
Robin hits you with a +0 mace!
You closely miss Robin.
Robin is heavily wounded.
Robin hits you with a +0 mace.
It was a potion of flight.
You feel very buoyant.
You fly up into the air.
Robin hits you with a +0 mace!
* * * LOW HITPOINT WARNING * * *
Okay, then.
It was a potion of curing.
You feel better. Robin hits you with a +0 mace!
You die...

.........##.#.#..................
####.######....###....#..####...#
# #.## ###### #....#..###..... #
#..# ####.#......[... # ##.#
#########.#.####..... #####.####
#.................... .........#
#.##.####..##########
.####.##.####.##g# #..#
..............##@# #..#
.#.....#)#######.####..#
.#..###...# #.....##..# .#..#
#...####.....##..#
.#..###................#
..........####.....##.##
#.........# #.....##.#
..........# ###.####.#
..........######.# #.#


You could see Robin (strong).

Vanquished Creatures
  A dart slug (D:1)
  2 giant cockroaches (D:1)
  5 goblins
  7 hobgoblins
  A quokka (D:1)
  3 ball pythons (D:1)
  2 frilled lizards
  3 rats (D:1)
24 creatures vanquished.

Notes
Turn   | Place    | Note
-------+----------+-------------------------------------------
     0 | Abyss:1  | oldriver the Formicid Abyssal Knight began the quest for
                  | the Orb.
     0 | Abyss:1  | Reached XP level 1. HP: 18/18 MP: 2/2
    28 | Abyss:1  | Noticed a cyan very ugly thing
    43 | D:1      | Escaped the Abyss
   172 | D:1      | Reached skill level 1 in Dodging
   175 | D:1      | Reached XP level 2. HP: 24/24 MP: 3/3
   209 | D:1      | Reached * piety under Lugonu
   512 | D:1      | Found Rimniufi's General Store.
   646 | D:1      | Reached XP level 3. HP: 30/30 MP: 5/5
   653 | D:1      | Found a faded altar of an unknown god.
   943 | D:2      | Noticed Robin
   972 | D:1      | HP: 1/30 [Robin (10)]
   973 | D:1      | Slain by Robin

Illustrated notes

Levels and vault maps discovered:
D:1:      lemuel_arrival_room, layout_loops_ring, serial_shops,
          nicolae_shop_statue_plus, hellmonk_ecumenical_altar_inner_sanctum
D:2:      layout_loops_ring, uniq_sigmund, uniq_robin

Skill      XL: |  1 |
---------------+----+-----
Dodging        | 1 |  1.0
Fighting       | |  3.7
Axes           | |  2.5
Armour         | |  2.4
Invocations    | |  2.9

Action                   || total
-------------------------++-------
Melee: Hand axe          ||    70
       Punch             ||     2
Invok: Depart the Abyss  ||     1
  Use: Potion            ||     2
Armor: Leather armour    ||    15
Dodge: Dodged            ||    43
